TOP OF THE 1ST |
Maine Guides batting - Pitching for Santo Domingo Rum Runners : LHP Caden Stafford
|
Pitching: LHP Caden Stafford
|
|
Batting: RHB Jerry Coleman
|
0-0: Fly out, F8 (Line Drive, 89M, EV 108.8 MPH)
|
Batting: RHB Jarrett Shaneyfelt
|
0-0: Ball 1-0: Foul Ball, location: 2F 1-1: Ball 2-1: Ball 3-1: Base on Balls
|
Batting: RHB Blake Simmons
|
0-0: Ball 1-0: Fly out, F7 (Flyball, 7D, EV 101.2 MPH)
|
Batting: RHB Jayson Hart
|
0-0: Ball 1-0: Ball 2-0: Foul Ball, location: 2F 2-1: Ball 3-1: Fly out, F9 (Flyball, 9LM, EV 81.9 MPH)
|
Top of the 1st over - 0 runs, 0 hits, 0 errors, 1 left on base; Maine 0 - Santo Domingo 0 |
BOTTOM OF THE 1ST |
Santo Domingo Rum Runners batting - Pitching for Maine Guides : RHP Brandan Caldwell
|
Pitching: RHP Brandan Caldwell
|
|
Batting: LHB Braxton Price
|
0-0: Called Strike 0-1: Ball 1-1: Ball 2-1: Foul Ball, location: 2F 2-2: Ball 3-2: Foul Ball, location: 2F 3-2: Base on Balls
|
Batting: LHB Cordell Villarreal
|
0-0: Called Strike 0-1: Ball 1-1: SINGLE (Groundball, 6MD, EV 103.1 MPH) Braxton Price to second Runner from 2nd tries for 3rd, SAFE, throw by CF made to third
|
Batting: LHB Ronald Anderson
|
0-0: Ball 1-0: Ball 2-0: Foul Ball, location: 2F 2-1: 3-RUN HOME RUN (Line Drive, 9D, EV 99.4 MPH), Distance : 397 ft
|
Batting: LHB Larry Collier
|
0-0: Ball 1-0: Called Strike 1-1: Foul Ball, location: 2F 1-2: SOLO HOME RUN (Flyball, 89XD, EV 96.2 MPH), Distance : 383 ft
|
Batting: RHB Rykeem Potts
|
0-0: Swinging Strike 0-1: Called Strike 0-2: Strikes out swinging
|
Batting: LHB Spencer DeSimone
|
0-0: Ball 1-0: Ball 2-0: Called Strike 2-1: Foul Ball, location: 2F 2-2: Foul Ball, location: 2F 2-2: Ball 3-2: Foul Ball, location: 2F 3-2: Strikes out swinging
|
Batting: RHB Mason Camillo
|
0-0: Ball 1-0: Called Strike 1-1: Foul Ball, location: 2F 1-2: Strikes out swinging
|
Bottom of the 1st over - 4 runs, 3 hits, 0 errors, 0 left on base; Maine 0 - Santo Domingo 4 |
TOP OF THE 2ND |
Maine Guides batting - Pitching for Santo Domingo Rum Runners : LHP Caden Stafford
|
Batting: SHB Desmond Moynihan
|
0-0: Called Strike 0-1: Foul Ball, location: 2F 0-2: Ball 1-2: Ball 2-2: Ball 3-2: SINGLE (Line Drive, 56D, EV 99.4 MPH)
|
Batting: RHB Derek Engledow
|
0-0: Ball 1-0: SINGLE (Groundball, 56, EV 94.4 MPH) Desmond Moynihan to second
|
Batting: RHB Jaret Foley
|
0-0: Ball 1-0: SINGLE (Line Drive, 89S, EV 96.9 MPH) Desmond Moynihan to third Derek Engledow to second Runner from 3rd tries for Home, SAFE, throw by RF to home Derek Engledow to third Jaret Foley to second
|
Batting: LHB Grady Faulkner
|
0-0: Ground out 6-3 (Groundball, 56, EV 100.0 MPH) Derek Engledow scores
|
Batting: LHB Marcus Valdez
|
0-0: Called Strike 0-1: Ball Jaret Foley steals 3rd base 1-1: Swinging Strike 1-2: Ball 2-2: Ball 3-2: Foul Ball, location: 2F 3-2: Foul Ball, location: 2F 3-2: SINGLE (Groundball, 34D, EV 107.5 MPH) Jaret Foley scores
|
Batting: RHB Jerry Coleman
|
0-0: Ball 1-0: Ball 2-0: Called Strike 2-1: Called Strike 2-2: Strikes out swinging Marcus Valdez steals 2nd base Batter strikes out.
|
Batting: RHB Jarrett Shaneyfelt
|
0-0: Ball 1-0: Foul Ball, location: 2F 1-1: Ball 2-1: Ball 3-1: Foul Ball, location: 2F 3-2: Foul Ball, location: 2F 3-2: Strikes out looking
|
Top of the 2nd over - 3 runs, 4 hits, 0 errors, 1 left on base; Maine 3 - Santo Domingo 4 |
BOTTOM OF THE 2ND |
Santo Domingo Rum Runners batting - Pitching for Maine Guides : RHP Brandan Caldwell
|
Batting: RHB Owen Dooley
|
0-0: Called Strike 0-1: Foul Ball, location: 2F 0-2: Ball 1-2: Ball 2-2: Foul Ball, location: 2F 2-2: Ball 3-2: Foul Ball, location: 2F 3-2: Base on Balls
|
Batting: LHB Moses Thomas
|
0-0: Ball 1-0: Fly out, F9 (Flyball, 89S, EV 76.2 MPH)
|
Batting: LHB Braxton Price
|
0-0: Ball 1-0: Ball 2-0: Ball 3-0: Called Strike 3-1: Foul Ball, location: 2F 3-2: SINGLE (Flyball, 89S, EV 93.1 MPH) Owen Dooley to second Owen Dooley to third
|
Batting: LHB Cordell Villarreal
|
0-0: Called Strike Braxton Price steals 2nd base 0-1: Foul Ball, location: 2F 0-2: Strikes out swinging
|
Batting: LHB Ronald Anderson
|
0-0: Ball 1-0: Ball 2-0: Ball 3-0: Called Strike 3-1: Base on Balls
|
Batting: LHB Larry Collier
|
0-0: Swinging Strike 0-1: Called Strike 0-2: Ball 1-2: Foul Ball, location: 2F 1-2: Fly out, F9 (Flyball, 89M, EV 78.8 MPH)
|
Bottom of the 2nd over - 0 runs, 1 hit, 0 errors, 3 left on base; Maine 3 - Santo Domingo 4 |
TOP OF THE 3RD |
Maine Guides batting - Pitching for Santo Domingo Rum Runners : LHP Caden Stafford
|
Batting: RHB Blake Simmons
|
0-0: Ball 1-0: SINGLE (Groundball, 6MD, EV 105.6 MPH)
|
Batting: RHB Jayson Hart
|
0-0: Fly out, F9 (Flyball, 89S, EV 96.2 MPH)
|
Batting: SHB Desmond Moynihan
|
0-0: Fly out, F7 (Flyball, 78D, EV 105.0 MPH)
|
Batting: RHB Derek Engledow
|
0-0: Fly out, F8 (Flyball, 8LXD, EV 100.6 MPH)
|
Top of the 3rd over - 0 runs, 1 hit, 0 errors, 1 left on base; Maine 3 - Santo Domingo 4 |
BOTTOM OF THE 3RD |
Santo Domingo Rum Runners batting - Pitching for Maine Guides : RHP Brandan Caldwell
|
Batting: RHB Rykeem Potts
|
0-0: Swinging Strike 0-1: Ball 1-1: Called Strike 1-2: Ball 2-2: Strikes out looking
|
Batting: LHB Spencer DeSimone
|
0-0: Called Strike 0-1: Called Strike 0-2: Strikes out swinging
|
Batting: RHB Mason Camillo
|
0-0: SOLO HOME RUN (Flyball, 78XD, EV 95.6 MPH), Distance : 376 ft
|
Pitching: RHP Toby Anderson
|
|
Batting: RHB Owen Dooley
|
0-0: Swinging Strike 0-1: Swinging Strike 0-2: Strikes out swinging
|
Bottom of the 3rd over - 1 run, 1 hit, 0 errors, 0 left on base; Maine 3 - Santo Domingo 5 |
TOP OF THE 4TH |
Maine Guides batting - Pitching for Santo Domingo Rum Runners : LHP Caden Stafford
|
Batting: RHB Jaret Foley
|
0-0: Called Strike 0-1: Swinging Strike 0-2: Ball 1-2: Fly out, F9 (Line Drive, 9, EV 96.2 MPH)
|
Batting: LHB Grady Faulkner
|
0-0: Called Strike 0-1: Ball 1-1: Ball 2-1: Foul Ball, location: 2F 2-2: SOLO HOME RUN (Flyball, 9D, EV 93.1 MPH), Distance : 360 ft
|
Batting: LHB Marcus Valdez
|
0-0: Ball 1-0: Swinging Strike 1-1: Ball 2-1: Swinging Strike 2-2: Strikes out looking
|
Batting: RHB Jerry Coleman
|
0-0: Foul Ball, location: 2F 0-1: DOUBLE (Flyball, 89XD, EV 100.6 MPH)
|
Batting: RHB Jarrett Shaneyfelt
|
0-0: Called Strike 0-1: Swinging Strike 0-2: Ball Wild Pitch! Jerry Coleman to third 1-2: Foul Ball, location: 2F 1-2: Strikes out swinging
|
Top of the 4th over - 1 run, 2 hits, 0 errors, 1 left on base; Maine 4 - Santo Domingo 5 |
BOTTOM OF THE 4TH |
Santo Domingo Rum Runners batting - Pitching for Maine Guides : RHP Toby Anderson
|
Batting: LHB Moses Thomas
|
0-0: Ground out 1-3 (Groundball, 34S, EV 66.9 MPH)
|
Batting: LHB Braxton Price
|
0-0: Foul Ball, location: 2F 0-1: Ball 1-1: SINGLE (Groundball, 34D, EV 96.9 MPH)
|
Batting: LHB Cordell Villarreal
|
0-0: Called Strike 0-1: Ball 1-1: Called Strike 1-2: SINGLE (Groundball, 56D, EV 103.8 MPH) Braxton Price to second
|
Batting: LHB Ronald Anderson
|
0-0: Foul Ball, location: 2F 0-1: Ball Braxton Price is caught stealing 3rd base 2-5 1-1: Called Strike 1-2: Foul Ball, location: 2F 1-2: Ball 2-2: Foul Ball, location: 2F 2-2: Strikes out swinging
|
Bottom of the 4th over - 0 runs, 2 hits, 0 errors, 1 left on base; Maine 4 - Santo Domingo 5 |
TOP OF THE 5TH |
Maine Guides batting - Pitching for Santo Domingo Rum Runners : LHP Caden Stafford
|
Batting: RHB Blake Simmons
|
0-0: SINGLE (Groundball, 6S, EV 67.5 MPH) (infield hit)
|
Batting: RHB Jayson Hart
|
0-0: Called Strike 0-1: Ball 1-1: Ball 2-1: DOUBLE (Line Drive, 78XD, EV 108.1 MPH) Blake Simmons to third
|
Batting: SHB Desmond Moynihan
|
0-0: Fly out, F9 (Flyball, 89M, EV 81.2 MPH) Runner from 3rd tags up, SCORES, throw by RF
|
Batting: RHB Derek Engledow
|
0-0: Called Strike 0-1: Swinging Strike 0-2: Ball 1-2: Ball 2-2: Ball 3-2: Foul Ball, location: 2F 3-2: Base on Balls
|
Batting: RHB Jaret Foley
|
0-0: Ball 1-0: Ball 2-0: Ball 3-0: Called Strike 3-1: Foul Ball, location: 2F 3-2: Base on Balls Jayson Hart to third Derek Engledow to second
|
Batting: LHB Grady Faulkner
|
0-0: Ball 1-0: Called Strike 1-1: Ball 2-1: Fly out, F9 (Flyball, 9, EV 85.6 MPH) Runner from 3rd tags up, SCORES, throw by RF
|
Batting: LHB Marcus Valdez
|
0-0: Called Strike 0-1: Ball 1-1: Swinging Strike 1-2: Ball 2-2: Foul Ball, location: 2F 2-2: Fly out, F7 (Flyball, 78M, EV 86.9 MPH)
|
Top of the 5th over - 2 runs, 2 hits, 0 errors, 2 left on base; Maine 6 - Santo Domingo 5 |
BOTTOM OF THE 5TH |
Santo Domingo Rum Runners batting - Pitching for Maine Guides : RHP Toby Anderson
|
Batting: LHB Larry Collier
|
0-0: Called Strike 0-1: Ball 1-1: Fly out, F9 (Flyball, 89D, EV 78.8 MPH)
|
Batting: RHB Rykeem Potts
|
0-0: Foul Ball, location: 2F 0-1: Ball 1-1: Foul Ball, location: 2F 1-2: Foul Ball, location: 2F 1-2: Ball 2-2: Foul Ball, location: 2F 2-2: Foul Ball, location: 2F 2-2: Fly out, F7 (Flyball, 7LS, EV 88.1 MPH)
|
Batting: LHB Spencer DeSimone
|
0-0: Swinging Strike 0-1: Foul Ball, location: 2F 0-2: Ball 1-2: Strikes out swinging
|
Bottom of the 5th over - 0 runs, 0 hits, 0 errors, 0 left on base; Maine 6 - Santo Domingo 5 |
TOP OF THE 6TH |
Maine Guides batting - Pitching for Santo Domingo Rum Runners : LHP Caden Stafford
|
Pitching: RHP Rice Cochell
|
|
Batting: RHB Jerry Coleman
|
0-0: Foul Ball, location: 2F 0-1: Reached on error, E1 (Groundball, P, EV 43.8 MPH)
|
Batting: RHB Jarrett Shaneyfelt
|
0-0: Ball 1-0: Ball 2-0: Ball 3-0: Called Strike 3-1: Base on Balls
|
Batting: RHB Blake Simmons
|
0-0: Ball 1-0: Foul Ball, location: 2F 1-1: Called Strike 1-2: Strikes out swinging
|
Batting: RHB Jayson Hart
|
0-0: Ball 1-0: Swinging Strike 1-1: Ball 2-1: SINGLE (Flyball, 78S, EV 84.4 MPH) Jerry Coleman to third Jarrett Shaneyfelt to second Runner from 3rd tries for Home, SAFE, throw by LF to home Jarrett Shaneyfelt to third Jayson Hart to second
|
Batting: SHB Desmond Moynihan
|
0-0: Ball 1-0: Ground out 6-3 (Groundball, 6, EV 82.5 MPH) Jarrett Shaneyfelt scores
|
Batting: RHB Derek Engledow
|
0-0: Intentional Walk
|
Batting: RHB Jaret Foley
|
0-0: Ball 1-0: Ball 2-0: Hit by Pitch Jayson Hart to third Derek Engledow to second
|
Batting: LHB Grady Faulkner
|
0-0: Called Strike 0-1: Ball 1-1: Ball 2-1: Foul Ball, location: 2F 2-2: Foul Ball, location: 2F 2-2: Strikes out swinging
|
Top of the 6th over - 2 runs, 1 hit, 1 error, 3 left on base; Maine 8 - Santo Domingo 5 |
BOTTOM OF THE 6TH |
Santo Domingo Rum Runners batting - Pitching for Maine Guides : RHP Toby Anderson
|
Batting: RHB Mason Camillo
|
0-0: SINGLE (Flyball, 89S, EV 86.2 MPH)
|
Batting: RHB Owen Dooley
|
0-0: Swinging Strike 0-1: Ball 1-1: Fly out, F7 (Flyball, 7S, EV 88.1 MPH)
|
Batting: LHB Moses Thomas
|
0-0: Foul Ball, location: 2F 0-1: Swinging Strike 0-2: Ball 1-2: Strikes out swinging
|
Batting: LHB Braxton Price
|
0-0: Called Strike 0-1: Ball 1-1: Ball 2-1: Called Strike 2-2: Ball 3-2: 2-RUN HOME RUN (Flyball, 9D, EV 93.8 MPH), Distance : 359 ft
|
Batting: LHB Cordell Villarreal
|
0-0: Called Strike 0-1: Ball 1-1: Ground out 4-3 (Groundball, 4, EV 91.2 MPH)
|
Bottom of the 6th over - 2 runs, 2 hits, 0 errors, 0 left on base; Maine 8 - Santo Domingo 7 |
TOP OF THE 7TH |
Maine Guides batting - Pitching for Santo Domingo Rum Runners : RHP Rice Cochell
|
Batting: LHB Marcus Valdez
|
0-0: Ground out 6-3 (Groundball, 6M, EV 106.2 MPH)
|
Batting: RHB Jerry Coleman
|
0-0: Called Strike 0-1: Ground out 5-3 (Groundball, 56S, EV 84.4 MPH)
|
Batting: RHB Jarrett Shaneyfelt
|
0-0: Swinging Strike 0-1: Swinging Strike 0-2: Ball 1-2: Strikes out swinging
|
Top of the 7th over - 0 runs, 0 hits, 0 errors, 0 left on base; Maine 8 - Santo Domingo 7 |
BOTTOM OF THE 7TH |
Santo Domingo Rum Runners batting - Pitching for Maine Guides : RHP Toby Anderson
|
Batting: LHB Ronald Anderson
|
0-0: Swinging Strike 0-1: Foul Ball, location: 2F 0-2: Foul Ball, location: 2F 0-2: Ball 1-2: Ground out 5-3 (Groundball, 56, EV 86.9 MPH)
|
Batting: LHB Larry Collier
|
0-0: Ball 1-0: Called Strike 1-1: Foul Ball, location: 2F 1-2: Strikes out swinging
|
Batting: RHB Rykeem Potts
|
0-0: Ball 1-0: SINGLE (Groundball, 34D, EV 99.4 MPH)
|
Pitching: LHP Buddy Moore
|
|
Batting: LHB Spencer DeSimone
|
0-0: Foul Ball, location: 2F 0-1: Ball 1-1: Fly out, F9 (Flyball, 9S, EV 87.5 MPH)
|
Bottom of the 7th over - 0 runs, 1 hit, 0 errors, 1 left on base; Maine 8 - Santo Domingo 7 |
TOP OF THE 8TH |
Maine Guides batting - Pitching for Santo Domingo Rum Runners : RHP Rice Cochell
|
Batting: RHB Blake Simmons
|
0-0: Foul Ball, location: 2F 0-1: Ball 1-1: Ball 2-1: Ball 3-1: Foul Ball, location: 2F 3-2: SINGLE (Line Drive, 7LS, EV 101.2 MPH)
|
Batting: RHB Jayson Hart
|
0-0: Called Strike 0-1: Ball 1-1: Called Strike 1-2: Strikes out swinging
|
Pitching: LHP Austin Virnig
|
|
Batting: SHB Desmond Moynihan
|
0-0: Fly out, F7 (Flyball, 7, EV 75.0 MPH)
|
Batting: RHB Derek Engledow
|
0-0: Ball Wild Pitch! Blake Simmons to second 1-0: Intentional Walk
|
Batting: RHB Jaret Foley
|
0-0: Ball 1-0: Foul Ball, location: 2F 1-1: Fly out, F3 (Popup, 3, EV 76.2 MPH)
|
Top of the 8th over - 0 runs, 1 hit, 0 errors, 2 left on base; Maine 8 - Santo Domingo 7 |
BOTTOM OF THE 8TH |
Santo Domingo Rum Runners batting - Pitching for Maine Guides : LHP Buddy Moore
|
Batting: RHB Mason Camillo
|
0-0: Ball 1-0: Fly out, F6 (Popup, 6D, EV 74.4 MPH)
|
Batting: RHB Owen Dooley
|
0-0: Swinging Strike 0-1: Ball 1-1: Foul Ball, location: 2F 1-2: Foul Ball, location: 2F 1-2: SOLO HOME RUN (Flyball, 78XD, EV 104.4 MPH), Distance : 395 ft
|
Pinch Hitting: RHB Davey Confalonieri
|
0-0: Foul Ball, location: 2F 0-1: Called Strike 0-2: Ball 1-2: Ball 2-2: Ground out 4-3 (Groundball, 4, EV 93.1 MPH)
|
Batting: LHB Braxton Price
|
0-0: Fly out, F9 (Flyball, 9D, EV 90.6 MPH)
|
Bottom of the 8th over - 1 run, 1 hit, 0 errors, 0 left on base; Maine 8 - Santo Domingo 8 |
TOP OF THE 9TH |
Maine Guides batting - Pitching for Santo Domingo Rum Runners : LHP Austin Virnig
|
Now in LF: Corey Creager
|
|
Batting: RHB Frank Memmi
|
0-0: Foul Ball, location: 2F 0-1: Ball 1-1: Swinging Strike 1-2: Ball 2-2: Strikes out looking
|
Batting: LHB Marcus Valdez
|
0-0: Called Strike 0-1: Foul Ball, location: 2F 0-2: SINGLE (Line Drive, 89S, EV 102.5 MPH)
|
Batting: RHB Jerry Coleman
|
0-0: Ball 1-0: Called Strike 1-1: Ball 2-1: SINGLE (Groundball, 4D, EV 106.2 MPH) Marcus Valdez to second Runner from 2nd tries for 3rd, SAFE, no throw by RF
|
Pinch Runner at 3rd Derek Rosado:
|
|
Batting: RHB Jarrett Shaneyfelt
|
0-0: Called Strike Jerry Coleman steals 2nd base (no throw) 0-1: Foul Ball, location: 2F 0-2: Strikes out looking
|
Batting: RHB Blake Simmons
|
0-0: Intentional Walk
|
Batting: RHB Jayson Hart
|
0-0: Ball 1-0: Called Strike 1-1: Fielders Choice at 2nd, 6-4 (Groundball, 6, EV 84.4 MPH)
|
Top of the 9th over - 0 runs, 2 hits, 0 errors, 3 left on base; Maine 8 - Santo Domingo 8 |
BOTTOM OF THE 9TH |
Santo Domingo Rum Runners batting - Pitching for Maine Guides : LHP Buddy Moore
|
Now in RF: Jarrett Vazquez
|
|
Batting: RHB Joey Tindall
|
0-0: Ball 1-0: Called Strike 1-1: Fly out, F8 (Flyball, 8RS, EV 98.1 MPH)
|
Batting: LHB Ronald Anderson
|
0-0: Swinging Strike 0-1: Fly out, F9 (Flyball, 89S, EV 85.6 MPH)
|
Batting: LHB Larry Collier
|
0-0: Fly out, F8 (Flyball, 8LS, EV 83.1 MPH)
|
Bottom of the 9th over - 0 runs, 0 hits, 0 errors, 0 left on base; Maine 8 - Santo Domingo 8 |
TOP OF THE 10TH |
Maine Guides batting - Pitching for Santo Domingo Rum Runners : LHP Austin Virnig
|
Batting: SHB Desmond Moynihan
|
0-0: Ball 1-0: Called Strike 1-1: Swinging Strike 1-2: Ball 2-2: Foul Ball, location: 2F 2-2: Strikes out looking
|
Batting: RHB Derek Engledow
|
0-0: Ball 1-0: Called Strike 1-1: Ball 2-1: DOUBLE (Flyball, 89D, EV 115.0 MPH)
|
Batting: RHB Jaret Foley
|
0-0: Called Strike 0-1: Ball 1-1: Ball 2-1: Foul Ball, location: 2F 2-2: SINGLE (Groundball, 56S, EV 65.6 MPH) (infield hit) Derek Engledow to third
|
Batting: RHB Frank Memmi
|
0-0: Called Strike 0-1: Foul Ball, location: 2F 0-2: Strikes out swinging
|
Batting: RHB Jarrett Vazquez
|
0-0: Ball 1-0: Ball 2-0: Ball 3-0: Called Strike 3-1: Foul Ball, location: 2F 3-2: Foul Ball, location: 2F 3-2: Fly out, F8 (Flyball, 8RM, EV 83.8 MPH)
|
Top of the 10th over - 0 runs, 2 hits, 0 errors, 2 left on base; Maine 8 - Santo Domingo 8 |
BOTTOM OF THE 10TH |
Santo Domingo Rum Runners batting - Pitching for Maine Guides : LHP Buddy Moore
|
Pitching: LHP Mitch Colwell
|
|
Batting: RHB Rykeem Potts
|
0-0: Called Strike 0-1: Called Strike 0-2: Ball 1-2: Foul Ball, location: 2F 1-2: Ball 2-2: Ground out 6-3 (Groundball, 6, EV 86.2 MPH)
|
Batting: LHB Spencer DeSimone
|
0-0: Swinging Strike 0-1: Foul Ball, location: 2F 0-2: Strikes out swinging
|
Batting: RHB Mason Camillo
|
0-0: Ball 1-0: Called Strike 1-1: Foul Ball, location: 2F 1-2: Foul Ball, location: 2F 1-2: Foul Ball, location: 2F 1-2: Strikes out looking
|
Bottom of the 10th over - 0 runs, 0 hits, 0 errors, 0 left on base; Maine 8 - Santo Domingo 8 |
TOP OF THE 11TH |
Maine Guides batting - Pitching for Santo Domingo Rum Runners : LHP Austin Virnig
|
Pitching: LHP Martin Bowden
|
|
Batting: RHB Jerry Coleman
|
0-0: Foul Ball, location: 2F 0-1: Swinging Strike 0-2: Ball 1-2: Foul Ball, location: 2F 1-2: Ball 2-2: Strikes out swinging
|
Batting: RHB Jarrett Shaneyfelt
|
0-0: Called Strike 0-1: Ball 1-1: Ball 2-1: Ball 3-1: Fly out, F8 (Flyball, 8RXD, EV 98.1 MPH)
|
Batting: RHB Blake Simmons
|
0-0: Ball 1-0: Ball 2-0: Ground out 4-3 (Groundball, 4, EV 84.4 MPH)
|
Top of the 11th over - 0 runs, 0 hits, 0 errors, 0 left on base; Maine 8 - Santo Domingo 8 |
BOTTOM OF THE 11TH |
Santo Domingo Rum Runners batting - Pitching for Maine Guides : LHP Mitch Colwell
|
Batting: RHB Owen Dooley
|
0-0: Called Strike 0-1: Foul Ball, location: 2F 0-2: SINGLE (Line Drive, 4D, EV 95.0 MPH)
|
Batting: RHB Corey Creager
|
0-0: SINGLE (Line Drive, 8RS, EV 89.4 MPH) Owen Dooley to second
|
Batting: LHB Braxton Price
|
0-0: SINGLE (Line Drive, 6D, EV 95.0 MPH) Owen Dooley to third Corey Creager to second
|
Pitching: RHP Detrick Belqola
|
|
Batting: LHB Isaac Rampone
|
0-0: Ball 1-0: Foul Ball, location: 2F 1-1: Swinging Strike 1-2: Strikes out swinging
|
Batting: LHB Ronald Anderson
|
0-0: Ball 1-0: Swinging Strike 1-1: Foul Ball, location: 2F 1-2: Ball 2-2: Strikes out looking
|
Batting: LHB Larry Collier
|
0-0: Foul Ball, location: 2F 0-1: Foul Ball, location: 2F 0-2: Foul Ball, location: 2F 0-2: Ball 1-2: Foul Ball, location: 2F 1-2: GRAND SLAM HOME RUN (Flyball, 7D, EV 96.2 MPH), Distance : 373 ft
|
Bottom of the 11th over - 4 runs, 4 hits, 0 errors, 0 left on base; Maine 8 - Santo Domingo 12 |
|